 Dungeon Crawl Stone Soup version 0.21-a0-426-g98080a9 (webtiles) character file.

54 slep the Slasher (level 3, -3/30 HPs)
             Began as a Barachi Berserker on Nov 5, 2017.
             Was a Follower of Trog.
             Slain by Sigmund
             ... wielding a +5 scythe
              (16 damage)
             ... on level 2 of the Dungeon.
             The game lasted 00:07:51 (1624 turns).

slep the Slasher (Barachi Berserker)                Turns: 1624, Time: 00:07:52

Health: -3/30      AC:  2    Str: 19    XL:     3   Next: 91%
Magic:  3/3        EV:  7    Int:  7    God:    Trog [*.....]
Gold:   118        SH:  0    Dex: 11    Spells: 2/2 levels left

rFire    . . .     SeeInvis .   q - +0 trident (curse)
rCold    . . .     Gourm    +   r - +0 large shield (curse)
rNeg     . . .     Faith    .   b - +0 animal skin
rPois    .         Spirit   .   (no helmet)
rElec    .         Reflect  .   (no cloak)
rCorr    .         Harm     .   (no gloves)
MR       .....                  (no boots)
Stlth    +.........             e - amulet of the gourmand
HPRegen  0.10/turn              (no ring)
MPRegen  0.08/turn              (no ring)

@: confused, slow
A: +LOS, swims, slowness 1, strong legs 1
a: Hop, Berserk, Burn Spellbooks, Renounce Religion


You were on level 2 of the Dungeon.
You worshipped Trog.
Trog was aware of your devotion.
You were very full.

You visited 1 branch of the dungeon, and saw 2 of its levels.

You collected 118 gold pieces.

Inventory:

Hand Weapons
 a - a +0 falchion
 q - a cursed +0 trident (weapon)
 t - a cursed -2 mace
Missiles
 j - 8 tomahawks (quivered)
 l - 21 bolts
 n - 40 sling bullets
Armour
 b - a +0 animal skin (worn)
 r - a cursed +0 large shield (worn)
Jewellery
 e - an amulet of the gourmand (around neck)
Scrolls
 f - a scroll of remove curse {unknown}
 h - 3 scrolls of recharging {unknown}
 i - a scroll of enchant armour {unknown}
 m - a scroll of blinking {unknown}
 o - a scroll of identify {unknown}
 p - a scroll of fog {unknown}
 s - 2 scrolls of teleportation {unknown}
 v - a scroll of amnesia {unknown}
Potions
 d - a potion of cancellation {unknown}
 g - a potion of heal wounds {unknown}
 k - a potion of magic {unknown}
 u - a potion of agility {unknown}
 x - a potion of haste {unknown}
Comestibles
 c - 3 bread rations
 w - 5 fruits


   Skills:
 + Level 4.2 Fighting
 + Level 4.7 Long Blades
 + Level 0.1 Polearms
 + Level 2.5 Armour
 + Level 2.7 Dodging
 + Level 0.1 Stealth


You had 2 spell levels left.
You didn't know any spells.

Dungeon Overview and Level Annotations

Branches:
Dungeon (2/15)

Altars:
Ashenzari
Xom

Annotations:
D:2 Sigmund


Innate Abilities, Weirdness & Mutations

Shadows flee at your approach. (+LOS)
You can swim through water.
You cover ground slowly.
You can hop short distances.


Message History

Sigmund the Dreaded comes into view.
He is wielding an enchanted scythe.
Sigmund shouts!
Sigmund barely misses you.
You barely miss Sigmund. Sigmund looks at you with fury.
You block Sigmund's attack.
You hit Sigmund but do no damage.
Sigmund hits you with an enchanted scythe.
You closely miss Sigmund.
Sigmund hits you with an enchanted scythe!
You closely miss Sigmund. Sigmund gestures at you while chanting.
The magic dart hits you!
You closely miss Sigmund.
Sigmund points at you and mumbles some strange words.
You are confused.
Sigmund closely misses you.
Sigmund hits you with an enchanted scythe!
Ouch! That really hurt!
You die...

..## #.###......'...#.......#
...## #.#..#######._.#######.#
....####.#รท#......#...#.......#
.........#........######......#
.................##.#..##.....#
....###..###....##..#...##...##
....# #..# #...##...#....##..#
##### #..# #..##....#.....##.#
#######..# #.##.@...#......###
.........# ###...@..#.......##
########## ##...##.#...###.#
######.##### #.#
########.#######.#
...............#.# ###
.#######.#####.#.# ..# #.# #.#.#
#.# #.# #.#.#


You could see Sigmund.

Vanquished Creatures
  Jessica (D:2)
  A dart slug (D:1)
  A leopard gecko (D:1)
  An orc (D:2)
  2 bats (D:1)
  2 giant cockroaches
  2 goblins (D:1)
  2 hobgoblins
  3 jackals (D:2)
  A quokka (D:2)
  A frilled lizard (D:1)
  2 kobolds
  4 rats (D:1)
23 creatures vanquished.

Notes
Turn   | Place    | Note
-------+----------+-------------------------------------------
     0 | D:1      | slep the Barachi Berserker began the quest for the Orb.
     0 | D:1      | Reached XP level 1. HP: 18/18 MP: 1/1
   321 | D:1      | Reached XP level 2. HP: 12/25 MP: 2/2
   810 | D:1      | You fall through a shaft!
  1032 | D:2      | Reached XP level 3. HP: 13/30 MP: 3/3
  1038 | D:2      | Found a shattered altar of Ashenzari.
  1418 | D:2      | Found a shimmering altar of Xom.
  1519 | D:2      | Noticed Jessica
  1534 | D:2      | Killed Jessica
  1616 | D:2      | Noticed Sigmund
  1624 | D:2      | Slain by Sigmund

Vault maps used:
D:1:      lightli_arrival_farm
D:2:      yredelemnul_forgotten_temple_becter, lemuel_round_altar,
          nicolae_ashenzari_panopticon, first_bread, uniq_jessica, uniq_sigmund

Skill      XL: |  1  2 |
---------------+-------+-----
Long Blades    | 4 |  4.7
Fighting       | 4 |  4.2
Polearms       | |  0.1
Armour         | |  2.5
Dodging        | |  2.7
Stealth        | |  0.1

Action                   || total
-------------------------++-------
Melee: Falchion          ||    84
       Trident           ||    20
  Eat: Chunk             ||    15
Armor: Animal skin       ||    17
Dodge: Dodged            ||    65
Block: Large shield      ||     6
       Rpst.: Falchion   ||    19

Table legend:
 A = Spawn XP
 B = Non-spawn XP
 C = Spawn XP percentage of total XP
 D = Spawn monster count
 E = Non-spawn monster count
 F = Spawn count percentage of total count
 G = Total turns spent on level
                    A         B        C        D         E        F      G
               +---------+---------+-------+---------+---------+-------+---------
         Total |       0 |      78 |   0.0 |       0 |      23 |   0.0 |  1624
               +---------+---------+-------+---------+---------+-------+---------
           D:1 |       0 |      25 |   0.0 |       0 |      14 |   0.0 |   958
           D:2 |       0 |      53 |   0.0 |       0 |       9 |   0.0 |   666
               +---------+---------+-------+---------+---------+-------+---------
